 Dungeon Crawl Stone Soup version 0.20.1-1-g8b1a95d (webtiles) character file.

870 equalderp2856 the Chopper (level 7, 0/61 HPs)
             Began as a Minotaur Fighter on July 28, 2017.
             Slain by an unseen horror (7 damage)
             ... on level 7 of the Dungeon.
             The game lasted 00:14:22 (6895 turns).

equalderp2856 the Chopper (Minotaur Fighter)        Turns: 6895, Time: 00:14:23

Health: 0/61       AC: 10    Str: 20    XL:     7   Next: 73%
Magic:  6/6        EV:  6    Int: 10    God:
Gold:   286        SH: 10    Dex: 12    Spells: 6/6 levels left

rFire    . . .     SeeInvis .   a - +0 war axe
rCold    . . .     Gourm    .   c - +0 shield
rNeg     . . .     Faith    .   u - +0 chain mail
rPois    .         Spirit   .   (helmet restricted)
rElec    .         Reflect  .   (no cloak)
rCorr    .         Harm     .   (no gloves)
MR       .....                  (no boots)
Stlth    ..........             (no amulet)
Regen    0.2/turn               (no ring)
MPRegen  0.1/turn               (no ring)

@: brilliant, flying, hasted, very quick
A: retaliatory headbutt, horns 2
a: no special abilities


You were on level 7 of the Dungeon.
You were hungry.

You visited 2 branches of the dungeon, and saw 8 of its levels.
You also visited: Sewer.

You collected 297 gold pieces.
You spent 11 gold pieces at shops.

Inventory:

Hand Weapons
 a - a +0 war axe (weapon)
 e - a +0 hunting sling
 k - a +0 hunting sling
 s - a +0 hunting sling
 C - a +0 short sword
 M - a +0 quarterstaff
 N - a +0 hunting sling
Missiles
 j - 123 stones (quivered)
 D - 83 arrows
 K - 27 sling bullets
 W - 14 bolts
 Y - 2 throwing nets
Armour
 b - a +0 scale mail
 c - a +0 shield (worn)
 t - a +0 shield
 u - a +0 chain mail (worn)
 P - a +0 robe
 Q - a +0 helmet
 R - a +0 robe
Jewellery
 L - an uncursed ring of protection from magic {unknown}
 O - a cursed ring of loudness {unknown}
 U - a cursed ring of flight {unknown}
Wands
 B - a wand of iceblast (8/15)
 I - a wand of flame (29/48)
 T - a wand of clouds (1/9)
Scrolls
 g - a scroll of enchant armour {unknown}
 h - 5 scrolls of teleportation {unknown}
 i - 6 scrolls of recharging {unknown}
 m - 13 scrolls of identify {unknown}
 o - a scroll of magic mapping {unknown}
 q - 2 scrolls of remove curse {unknown}
 r - 6 scrolls of fog {unknown}
 y - a scroll of noise {unknown}
 E - a scroll of fear {unknown}
 F - a scroll of blinking {unknown}
 J - 2 scrolls of amnesia {unknown}
 X - a scroll of immolation {unknown}
Potions
 d - 3 potions of might
 l - 2 potions of heal wounds {unknown}
 n - 2 potions of haste
 p - 4 potions of flight
 v - a potion of resistance {unknown}
 w - 2 potions of brilliance
 G - 2 potions of magic {unknown}
 H - 4 potions of curing
 V - a potion of degeneration
Books
 S - a book of Cantrips

   Spells                             Type                      Level
   a - Confusing Touch                Hexes                        1
   b - Animate Skeleton               Necromancy                   1
   c - Summon Small Mammal            Summoning                    1
   d - Apportation                    Translocation                1
Comestibles
 f - 4 bread rations
 x - 3 meat rations
 z - 7 fruits
 A - 2 royal jellies


   Skills:
 + Level 5.4 Fighting
 + Level 6.6 Axes
 + Level 6.4 Armour
 + Level 0.9 Dodging
 + Level 0.5 Stealth
 + Level 6.1 Shields


You had 6 spell levels left.
You didn't know any spells.

Dungeon Overview and Level Annotations

Branches:
Dungeon (7/15)             Temple (1/1) D:4

Altars:
Ashenzari
Cheibriados
Elyvilon
Fedhas
Gozag
Hepliaklqana
Kikubaaqudgha
Makhleb
Nemelex Xobeh
Okawaru
Qazlal
Trog
Vehumet
The Shining One

Shops:
D:4 !

Annotations:
D:3 1 runed door
D:5 Prince Ribbit
D:6 MotkuVodaTOUR's ghost, novice FeTm


Innate Abilities, Weirdness & Mutations

You reflexively headbutt those who attack you in melee.
You have a pair of horns on your head.


Message History

* * * LOW HITPOINT WARNING * * *
Something hits you but does no damage.
Items here: ( ) ††† a trident; 2 steel tomahawks; an orc corpse; an adder corpse; a jackal corpse You feel better.
Something hits you but does no damage. Something hits you.
* * * LOW HITPOINT WARNING * * *
Something hits you but does no damage. Something hits you.
* * * LOW HITPOINT WARNING * * *
Something hits you.
* * * LOW HITPOINT WARNING * * *
It was a potion of brilliance.
You feel clever all of a sudden. Something hits you but does no damage.
It was a potion of haste.
You feel yourself speed up. Something hits you but does no damage.
Something hits you but does no damage. Something hits you!
You die...

#..........#
#..........#####
#..............#
#..............#
#......##......#.#.#.#.#..
#.$....##......#..........
##+##.>........#.#.#.#.#.#
#.....#.......#.........#
####..#.@.....#.#.#.#.#.#
#..#.......#.........#
#..####.###..#.#.#.#.#
#.........)...........
#...###.########......
#...# #.##.....'......
#...# #.##.#####......
#...###.##.# #######
#.....#.##.#


There were no monsters in sight!

Vanquished Creatures
  The ghost of appiemonkey the Caller, an amateur TeSu (D:4)
  2 bullfrogs (Sewer)
  A crimson imp (D:7)
  An iguana (D:6)
  An orc wizard (D:4)
  3 worker ants
  7 gnolls
  6 river rats
  17 adders
  A shadow imp (D:6)
  An ooze (D:4)
  5 worms
  4 dart slugs
  4 leopard geckos
  5 orcs
  14 ball pythons
  3 bats
  6 giant cockroaches
  10 goblins
  8 hobgoblins
  2 jackals (D:7)
  2 quokkas
  4 frilled lizards
  8 kobolds
  27 rats
143 creatures vanquished.

Notes
Turn   | Place    | Note
-------+----------+-------------------------------------------
     0 | D:1      | equalderp2856 the Minotaur Fighter began the quest for the Orb.
     0 | D:1      | Reached XP level 1. HP: 19/19 MP: 0/0
   334 | D:1      | Reached XP level 2. HP: 25/27 MP: 1/1
  1118 | D:2      | Reached XP level 3. HP: 28/33 MP: 2/2
  1143 | D:2      | Found a faded altar of an unknown god.
  1325 | D:2      | Found a blossoming altar of Fedhas.
  1836 | D:2      | Reached XP level 4. HP: 29/41 MP: 3/3
  2195 | D:3      | Found a glowing drain.
  2209 | Sewer    | Entered a sewer
  2305 | Sewer    | Reached XP level 5. HP: 29/47 MP: 4/4
  2834 | Sewer    | Reached skill level 5 in Armour
  2834 | Sewer    | Reached skill level 5 in Shields
  2834 | Sewer    | Reached XP level 6. HP: 18/53 MP: 5/5
  2836 | Sewer    | Reached skill level 5 in Fighting
  3685 | D:3      | Found a runed door.
  4756 | D:4      | Found a staircase to the Ecumenical Temple.
  4768 | D:4      | Noticed appiemonkey's ghost (amateur TeSu)
  4793 | Temple   | Entered the Ecumenical Temple
  5055 | D:4      | Killed appiemonkey's ghost
  5055 | D:4      | Reached skill level 5 in Axes
  5055 | D:4      | Reached XP level 7. HP: 50/61 MP: 6/6
  5395 | D:4      | Found Heib's Distillery.
  5403 | D:4      | Bought a potion of degeneration for 11 gold pieces
  5717 | D:4      | Found a glowing golden altar of the Shining One.
  5901 | D:5      | Entered Level 5 of the Dungeon
  6084 | D:5      | Noticed Prince Ribbit
  6116 | D:5      | Noticed a moth of wrath
  6119 | D:5      | Found a bloodstained altar of Trog.
  6451 | D:6      | Noticed MotkuVodaTOUR's ghost (novice FeTm)
  6895 | D:7      | Slain by an unseen horror

Skill      XL: |  1  2  3  4  5  6  7 |
---------------+----------------------+-----
Shields        | 4 5 6 |  6.1
Fighting       | 4 5 |  5.4
Armour         | 4 5 6 |  6.4
Axes           | 3 4 5 6 |  6.6
Dodging        | |  0.9
Stealth        | |  0.5

Action                   |  1- 3 |  4- 6 |  7- 9 || total
-------------------------+-------+-------+-------++-------
Melee: War axe           |   108 |   158 |   119 ||   385
       Headbutt          |     9 |    20 |    14 ||    43
  Use: Potion            |       |     1 |     5 ||     6
  Eat: Chunk             |     1 |    10 |     7 ||    18
       Fruit             |       |     1 |       ||     1
Armor: Scale mail        |    31 |       |       ||    31
       Chain mail        |    30 |   142 |   100 ||   272
Dodge: Dodged            |    29 |    65 |    25 ||   119
Block: Shield            |    64 |   142 |    92 ||   298
